 Dungeon Crawl Stone Soup version 0.31-a0-446-g07c4bd200f (webtiles) character file.

Game seed: 9465950668827947290

2412 Ethylacetat the Insei (level 9, -4/47 HPs)
             Began as a Vine Stalker Monk on Aug 3, 2023.
             Slain by an ogre
             ... wielding a +0 giant spiked club
              (13 damage)
             ... on level 7 of the Dungeon.
             The game lasted 00:09:56 (5386 turns).

Ethylacetat the Insei (Vine Stalker Monk)           Turns: 5386, Time: 00:09:57

Health: -4/47      AC: 16    Str: 13    XL:     9   Next: 47%
Magic:  0/17       EV:  0    Int: 10    God:
Gold:   442        SH:  0    Dex: 22    Spells: 17/17 levels left

rFire   + .          .
                       - Unarmed
rCold   . . .        c - orb {light}
rNeg    . . .        i - +0 crystal plate armour
rPois   .            (no helmet)
rElec   .            (no cloak)
rCorr   .            (no gloves)
SInv    .            (no boots)
Will    +....        (no amulet) Stlth
                     B - ring of protection from fire
HPRegen 1.07/turn    (no ring)
MPRegen 0.15/turn

%: guardian spirit
@: glowing
A: fangs 3, regeneration 1, magic shield, antimagic bite, no potion heal 2
a: no special abilities


You were on level 7 of the Dungeon.
You visited 2 branches of the dungeon, and saw 8 of its levels.
You also visited: Ossuary.

You collected 442 gold pieces.

Inventory:

Missiles
 J - a throwing net
Armour
 a - a +0 robe
 c - an orb of light (worn)
 i - a +0 crystal plate armour (worn)
Jewellery
 B - a ring of protection from fire (left hand)
 I - a ring of resist corrosion
Talismans
 o - a blade talisman
 L - a serpent talisman
Wands
 F - a wand of polymorph (11)
 G - a wand of paralysis (10)
 K - a wand of mindburst (22)
Scrolls
 d - 7 scrolls of identify {unknown}
 j - 2 scrolls of revelation {unknown}
 k - 4 scrolls of noise {unknown}
 m - 4 scrolls of immolation {unknown}
 n - a scroll of enchant armour {unknown}
 p - a scroll of butterflies {unknown}
 r - 3 scrolls of poison {unknown}
 s - a scroll of vulnerability {unknown}
 t - a scroll of enchant weapon {unknown}
 u - 3 scrolls of fog {unknown}
 x - 4 scrolls of teleportation {unknown}
 y - a scroll of amnesia {unknown}
 z - 3 scrolls of blinking {unknown}
 A - a scroll of torment {unknown}
 H - a scroll of brand weapon {unknown}
Potions
 b - 2 potions of ambrosia
 e - 3 potions of attraction {unknown}
 f - 2 potions of enlightenment {unknown}
 g - a potion of degeneration {unknown}
 h - a potion of mutation {unknown}
 l - 4 potions of heal wounds {unknown}
 q - 3 potions of curing {unknown}
 v - 3 potions of magic {unknown}
 w - 2 potions of haste {unknown}
 C - a potion of brilliance {unknown}
 D - a potion of lignification {unknown}
 E - a potion of invisibility {unknown}


   Skills:
 + Level 5.5 Fighting
 + Level 3.8 Armour
 - Level 2.6 Dodging
 + Level 6.0 Unarmed Combat
 + Level 4.7 Spellcasting
 * Level 5.6 Shapeshifting


You had 17 spell levels left.
You didn't know any spells.
Your spell library contained the following spells:

 Spells                   Type           Power      Damage    Failure   Level
 Slow                     Hex            8%         N/A       100%        1
 Confusing Touch          Hex            2%         N/A       100%        3
 Dazzling Flash           Conj/Hex       4%         N/A       100%        3
 Frozen Ramparts          Ice            4%         1d1       100%        3
 Vampiric Draining        Necr           2%         2d6       100%        3
 Volatile Blastmotes      Fire/Tloc      4%         2d10      100%        3
 Petrify                  Tmut/Erth      2%         N/A       100%        4
 Metabolic Englaciation   Hex/Ice        1%         N/A       100%        5
 Starburst                Conj/Fire      1%         6d3       100%        6
 Maxwell's Capacitive Co  Air            1%         ∞         100%        8


Dungeon Overview and Level Annotations

Branches:
Dungeon (7/15)             Temple (1/1) D:7         Ossuary (visited)

Altars:
Ashenzari
Cheibriados
Dithmenos
Gozag
Hepliaklqana
Makhleb
Nemelex Xobeh
Okawaru
Qazlal
Ru
Sif Muna
Trog
Uskayaw
Vehumet
Wu Jian
Xom
Yredelemnul
The Shining One


Innate Abilities, Weirdness & Mutations

You have razor-sharp teeth.
Your natural rate of healing is unusually fast.
When hurt, damage is shared between your health and your magic reserves.
Your bite disrupts and absorbs the magic of your enemies.
Potions cannot restore your health.


Message History

No reachable target in view!
A worm is nearby!
There is an open door here.
You enter the shallow water.
Moving in this stuff is going to be slow.
You punch the worm! You bite the worm, but do no damage.
The worm is heavily wounded.
You hit the worm. You bite the worm. You drain its power.
The worm is almost dead.
The worm splashes around in the water.
You completely miss the worm. You bite the worm.
You kill the worm!
There is an open door here.
An ogre comes into view. It is wielding a +0 giant spiked club.
The ogre shouts!
The ogre hits you with a +0 giant spiked club!
You hit the ogre.
The ogre is lightly wounded.
The ogre hits you with a +0 giant spiked club!!
* * * LOW HITPOINT WARNING * * *
You are too injured to fight recklessly!
You are too injured to fight recklessly!
You punch the ogre!
The ogre is moderately wounded.
The ogre hits you with a +0 giant spiked club!
* * * LOW HITPOINT WARNING * * *
The ogre attacks as you move away!
The ogre hits you with a +0 giant spiked club!
* * * LOW HITPOINT WARNING * * *
You hit the ogre. You bite the ogre, but do no damage.
The ogre is moderately wounded.
The ogre hits you with a +0 giant spiked club!
You hit the ogre. Your bite misses the ogre.
The ogre is heavily wounded.
The ogre attacks as you move away!
The ogre hits you with a +0 giant spiked club!!
* * * LOW HITPOINT WARNING * * *
The ogre attacks as you move away!
The ogre hits you with a +0 giant spiked club!
You die...

#.....##########.###.#####.......
................................#
....)...########.##.#######.#.#.#
.....<........##.##.# #.(.......#
........#####.##.##.# #.....#.#.#
........# #.##.##.# #.#####.#.#
#.....### #.##.##.###.#####.#..
##...## #.##.##........##.###
##### #.##@##..#####....#
#.##O###.# #### ##.##.# #.#
#.[...# #.# #..#### #.# #..# #..
#..# ### #..# #..#


You could see an ogre.

Vanquished Creatures
  2 water moccasins
  5 ice beasts
  2 black bears (D:6)
  3 sky beasts (D:7)
  2 ogres (D:4)
  A centaur (D:7)
  An elf zombie (Ossuary)
  A phantom (D:4)
  A scorpion (D:5)
  A gnoll bouda (D:6)
  2 orc priests
  4 hounds
  2 sleepcaps (D:5)
  3 iguanas
  4 orc wizards
  4 mummies (Ossuary)
  6 adders
  13 gnolls
  2 shadow imps
  A white imp (D:7)
  2 ufetubi (D:4)
  3 adder zombies (Ossuary)
  7 worms
  A dart slug (D:2)
  12 orcs
  6 endoplasms
  4 giant cockroaches
  12 hobgoblins
  A quokka (D:3)
  8 ball pythons
  10 bats
  13 frilled lizards
  14 goblins
  2 goblin zombies (Ossuary)
  3 hobgoblin zombies (Ossuary)
  2 jackal zombies (Ossuary)
  3 kobolds
  A kobold zombie (Ossuary)
  7 rats
171 creatures vanquished.

Notes
Turn   | Place    | Note
-------+----------+-------------------------------------------
     0 | D:1      | Ethylacetat the Vine Stalker Monk began the quest for the
                  | Orb.
     0 | D:1      | Reached XP level 1. HP: 11/11 MP: 2/2
    70 | D:1      | Reached XP level 2. HP: 5/16 MP: 3/3
   317 | D:1      | Reached XP level 3. HP: 7/20 MP: 2/4
   635 | D:2      | Reached skill level 1 in Spellcasting
   783 | D:2      | Gained mutation: Your natural rate of healing is unusually
                  | fast. [Vine Stalker growth]
   783 | D:2      | Reached XP level 4. HP: 24/24 MP: 6/6
   859 | D:2      | Found a shimmering altar of Xom.
  1582 | D:3      | Reached XP level 5. HP: 25/28 MP: 6/8
  1642 | D:3      | Reached skill level 1 in Shapeshifting
  1647 | D:3      | Reached skill level 1 in Armour
  1647 | D:3      | Reached skill level 4 in Unarmed Combat
  2033 | D:3      | Found a faded altar of an unknown god.
  2180 | D:4      | Noticed an ogre
  2216 | D:4      | Noticed an ogre
  2288 | D:4      | Killed an ogre
  2289 | D:4      | Reached XP level 6. HP: 26/33 MP: 10/10
  2475 | D:4      | Found a sand-covered staircase.
  2498 | Ossuary  | Entered an ossuary
  2520 | Ossuary  | Reached XP level 7. HP: 35/37 MP: 9/11
  3088 | D:4      | Identified the +5 dagger of Lanal Uwop {venom, Fragile rN+
                  | rCorr}
  3107 | D:4      | Found a hazy altar of Hepliaklqana.
  3127 | D:4      | Found a stormy altar of Qazlal.
  3127 | D:4      | Found a shimmering altar of Xom.
  3310 | D:5      | Entered Level 5 of the Dungeon
  3310 | D:5      | Found a glowing golden altar of the Shining One.
  3428 | D:5      | Gained mutation: You have razor-sharp teeth. [Vine Stalker
                  | growth]
  3428 | D:5      | Reached XP level 8. HP: 34/42 MP: 10/13
  3576 | D:5      | Reached skill level 5 in Unarmed Combat
  4037 | D:6      | Found a sparkling altar of Nemelex Xobeh.
  4295 | D:6      | Reached skill level 5 in Fighting
  4339 | D:6      | Found a radiant altar of Vehumet.
  4556 | D:6      | Reached XP level 9. HP: 47/47 MP: 16/16
  4589 | D:6      | Reached skill level 5 in Shapeshifting
  4910 | D:7      | Reached skill level 6 in Unarmed Combat
  4975 | D:7      | Found a staircase to the Ecumenical Temple.
  5004 | Temple   | Entered the Ecumenical Temple
  5292 | D:7      | Found a snail-covered altar of Cheibriados.
  5386 | D:7      | Slain by an ogre

Illustrated notes

Levels and vault maps discovered:
D:1:      roderic_crop_circles_arrival_small, layout_rooms, minmay_lizard_pond
D:2:      layout_basic, basic_altar, minmay_circled_x
D:3:      cheibrodos_greedy_goblins, layout_basic,
          hellmonk_ecumenical_altar_pennies_from_heaven
D:4:      layout_basic, nicolae_overflow_hidden_temple,
          chequers_ossuary_entry_cave, minivault_5,
          chequers_serial_rivers_room_b, minmay_misc_feat_plants,
          nicolae_concentric_dashed_squares_mild
D:5:      layout_basic, tso_metal_star, interstate_on_off
D:6:      layout_rooms, mainiacjoe_overflow_brackets, fiery_altar_vehumet
D:7:      layout_loops_ring, cheibrodos_worm_habitat,
          minmay_temple_entry_gardened_gates
Temple:   jpeg_temple_clearing

Skill      XL: |  1  2  3  4  5  6  7  8  9 |
---------------+----------------------------+-----
Fighting       | 3 4 5 |  5.5
Spellcasting   | 1 2 3 4 |  4.7
Shapeshifting  | 1 2 3 4 5 |  5.6
Armour         | 1 2 3 |  3.8
Unarmed Combat | 4 5 6 |  6.0
Dodging        | |  2.6

Action                     |  1- 3 |  4- 6 |  7- 9 || total
---------------------------+-------+-------+-------++-------
  Melee: Unarmed           |   106 |   167 |   361 ||   634
         Bite              |    37 |    59 |   159 ||   255
 Armour: Robe              |    27 |       |       ||    27
         Crystal plate arm |     6 |   306 |   375 ||   687
  Dodge: Dodged            |    89 |     7 |    10 ||   106

Table legend: (Time is in decaauts)
 A = Elapsed time spent in this place.
 B = Non-inter-level travel time spent in this place.
 C = Inter-level travel time spent in this place.
 D = Time resting spent in this place.
 E = Time spent auto-exploring this place.
 F = Levels seen in this place.
 G = Mean time per level.
                   A        B        C        D        E       F      G
               +--------+--------+--------+--------+--------+-----+--------+
         Total |   5347 |   5214 |    133 |     21 |   3840 |   9 |  594.1 |
       Dungeon |   5085 |   4952 |    133 |     21 |   3681 |   7 |  726.4 |
        Temple |      1 |      1 |      0 |      0 |      0 |   1 |    1.0 |
       Ossuary |    260 |    260 |      0 |      0 |    159 |   1 |  260.0 |
               +--------+--------+--------+--------+--------+-----+--------+

Top non-repeatable levels by time:
     D:4: 855 daAuts
     D:3: 812 daAuts
     D:2: 778 daAuts
     D:5: 772 daAuts
     D:7: 688 daAuts
     D:6: 599 daAuts
     D:1: 580 daAuts
 Ossuary: 260 daAuts
  Temple: 1 daAuts
